Map: Kairos Junction LE

Players

MiuGu

  • Race: Zerg Zerg
  • League: Platinum
  • Spawn Location: 5:00

Rohan - Winner!

  • Race: Terran Terran
  • League: Diamond
  • Spawn Location: 11:00

VOD

Have the link to the VOD?

Description

Time

  • Played on: May 14, 2019, 3:03 a.m.
  • Length: 13:06
Show
View Real Time Build Order
Export as new Build Order

MiuGu Zerg 

Build Orders: Hatch First 

Get SALT Encoding   

  12  0:01  Drone  
  13  0:14  Overlord  
  13  0:17  Drone  
  14  0:34  Drone x2  
  16  0:50  Hatchery  
  16  0:53  Drone  
  16  1:02  Drone x2  
  18  1:17  Extractor  
  17  1:19  Spawning Pool  
  17  1:20  Drone  
  17  1:24  Drone  
  18  1:34  Drone  
  19  1:44  Drone  
  20  1:55  Drone  
  21  2:06  Queen  
  21  2:07  Queen  
  21  2:08  Zergling x4  
  27  2:25  Hatchery  
  26  2:30  Overlord  
  26  2:31  Drone  
  26  2:32  Drone  
  28  2:41  Metabolic Boost  
  28  2:48  Drone  
  28  2:49  Drone x3  
  32  2:56  Overlord  
  32  3:00  Queen  
  34  3:07  Drone  
  34  3:08  Drone  
  36  3:18  Overlord  
  36  3:20  Drone x4  
  36  3:21  Drone  
  41  3:36  Drone x4  
  45  3:49  Drone x7  
  45  3:54  Queen  
  45  3:55  Queen  
  57  4:02  Drone  
  57  4:03  Drone  
  57  4:04  Overlord x2  
  58  4:19  Overlord  
  58  4:21  Overlord  
  58  4:22  Queen  
  60  4:36  Queen  
  62  4:43  Queen  
  62  4:44  Overlord x2  
  62  4:45  Drone x11  
  74  5:08  Zergling x14  
  77  5:24  Spine Crawler  
  77  5:26  Spine Crawler  
  77  5:27  Spore Crawler  
  69  5:30  Spore Crawler  
  69  5:31  Lair  
  68  5:38  Baneling Nest, Evolution Chamber, Drone  
  68  5:39  Drone x14  
  68  5:40  Evolution Chamber  
  66  5:50  Drone x2  
  61  6:01  Spore Crawler  
  61  6:02  Drone x7  
  62  6:10  Spore Crawler  
  62  6:11  Spore Crawler, Drone  
  52  6:38  Drone x9  
  61  6:46  Extractor  
  60  6:47  Extractor  
  60  6:48  Drone  
  60  6:49  Extractor, Drone x8  
  67  7:00  Hatchery, Queen  
  68  7:06  Queen  
  70  7:12  Extractor, Drone  
  70  7:13  Extractor, Drone x6  
  70  7:14  Drone  
  70  7:15  Drone  
  77  7:21  Centrifical Hooks  
  77  7:23  Zerg Melee Weapons Level 1  
  77  7:38  Zergling x2  
  77  7:39  Zergling x18  
  77  7:41  Overlord x3  
  87  7:51  Zergling x10  
  71  8:07  Zergling x2  
  71  8:08  Zergling x12  
  74  8:13  Baneling x4  
  74  8:15  Baneling x4  
  74  8:17  Zergling x2  
  74  8:18  Zergling x6  
  78  8:25  Zergling x2  
  70  8:51  Zergling x18  
  70  8:52  Zergling x4  
  78  8:59  Hatchery  
  78  9:00  Overseer  
  77  9:03  Queen x3  
  83  9:13  Zerg Ground Armor Level 1  
  83  9:28  Zerg Melee Weapons Level 2  
  82  9:38  Queen x2  
  82  9:39  Queen  
  82  9:45  Zergling x12  
  89  9:46  Zergling x14  
  89  9:51  Baneling x16  
  101  9:57  Zergling x8  
  105  10:14  Pneumatized Carapace  
  105  10:18  Spire  
  104  10:26  Drone x7  
  111  10:30  Overlord  
  111  10:31  Overlord x5  
  111  10:49  Zergling x22  
  98  11:08  Zergling x18  
  98  11:23  Baneling  
  98  11:24  Baneling x13  
  98  11:33  Mutalisk x7  
  98  11:34  Mutalisk x3  
  98  11:48  Zergling x12  
  85  11:57  Zergling x12  
  86  12:07  Zergling x2  
  86  12:12  Zergling x2  
  86  12:14  Baneling x5  
  87  12:17  Baneling  
  87  12:18  Baneling x3  
  87  12:19  Baneling x2  
  78  12:41  Zergling x4  
  78  12:42  Zergling x14  
Show
View Real Time Build Order
Export as new Build Order

Rohan Terran - Winner!

Build Orders: Liberator Opening, Reaper Expand 

Get SALT Encoding   

  12  0:00  SCV  
  13  0:13  SCV  
  14  0:17  Supply Depot  
  14  0:25  SCV  
  15  0:39  SCV  
  15  0:40  Barracks  
  16  0:45  Refinery  
  16  0:51  SCV  
  17  1:03  SCV  
  18  1:15  SCV  
  19  1:27  Orbital Command  
  19  1:28  Reaper  
  20  1:42  Command Center  
  20  1:53  Supply Depot  
  20  1:54  SCV  
  21  2:02  Marine  
  21  2:06  SCV  
  23  2:14  Factory  
  23  2:21  SCV  
  24  2:23  Refinery  
  24  2:24  Barracks Reactor  
  24  2:33  SCV  
  25  2:46  SCV  
  26  2:56  Orbital Command  
  26  2:58  SCV  
  26  3:02  Starport  
  27  3:09  Hellion x2  
  27  3:11  Barracks Tech Lab, SCV  
  32  3:13  Supply Depot  
  32  3:23  SCV  
  32  3:25  SCV  
  34  3:29  Marine  
  34  3:30  Liberator, Hellion x2  
  39  3:34  Stimpack  
  39  3:37  SCV  
  40  3:42  SCV  
  44  3:50  Marine  
  44  3:53  Hellion  
  44  3:54  Supply Depot  
  47  3:57  Hellion  
  47  3:59  SCV  
  47  4:00  SCV  
  51  4:08  Marine  
  52  4:12  SCV  
  52  4:16  Hellion  
  55  4:18  Hellion  
  55  4:22  Supply Depot  
  57  4:27  Marine  
  58  4:36  Command Center  
  59  4:38  SCV x2  
  60  4:49  Starport Reactor  
  60  4:50  SCV  
  60  4:51  Engineering Bay x2  
  61  4:56  Marine  
  61  4:58  Supply Depot  
  60  5:13  Barracks  
  60  5:14  Marine  
  60  5:19  Barracks  
  60  5:20  SCV x2  
  63  5:21  Terran Infantry Weapons Level 1  
  63  5:22  Terran Infantry Armor Level 1  
  63  5:25  Supply Depot  
  59  5:32  SCV  
  59  5:33  SCV  
  59  5:34  Marine  
  62  5:36  Factory Reactor  
  62  5:38  Medivac x2  
  62  5:40  Combat Shield  
  66  5:50  Orbital Command  
  66  5:52  Marine  
  65  5:58  SCV x2  
  65  6:01  Refinery  
  65  6:02  Refinery  
  65  6:03  Supply Depot  
  60  6:12  Marine x2  
  60  6:16  Orbital Command  
  58  6:20  Widow Mine x2  
  62  6:26  SCV x2  
  62  6:28  Starport Reactor  
  64  6:33  Marine  
  64  6:34  Marine x4  
  69  6:41  SCV x2  
  69  6:47  Widow Mine x2, Supply Depot  
  75  6:50  Armory  
  75  6:51  Marine x3  
  75  6:52  Marine x2  
  75  6:53  SCV  
  81  7:01  Barracks  
  81  7:02  Barracks  
  81  7:06  SCV x2  
  81  7:07  SCV  
  84  7:09  Marine x3  
  84  7:11  Marine, Supply Depot  
  84  7:12  Marine  
  89  7:18  Medivac x2, SCV x2  
  89  7:19  Widow Mine  
  89  7:20  Widow Mine  
  89  7:21  SCV  
  100  7:27  Marine x2  
  102  7:30  SCV x2  
  102  7:32  Marine x3  
  102  7:35  Supply Depot  
  102  7:36  SCV  
  108  7:42  SCV x2  
  110  7:50  Marine x2  
  110  7:51  Barracks Reactor  
  109  7:59  Medivac  
  109  8:00  Medivac  
  111  8:06  SCV x3  
  114  8:13  Marine x2  
  114  8:14  Marine x3  
  114  8:15  Terran Infantry Armor Level 2, Terran Infantry Weapons Level 2  
  114  8:16  Terran Vehicle Weapons Level 1  
  114  8:18  SCV  
  120  8:20  Barracks Reactor  
  120  8:21  SCV x2  
  120  8:23  Widow Mine  
  120  8:24  Widow Mine  
  126  8:30  SCV  
  126  8:31  Marine x3  
  126  8:33  SCV  
  126  8:34  SCV  
  131  8:35  Refinery  
  131  8:36  Refinery  
  128  8:43  Marine x2  
  128  8:44  Marine x2  
  128  8:46  Widow Mine  
  132  8:48  Medivac x2  
  132  8:49  Widow Mine, Marine x2  
  128  9:01  Marine x5  
  133  9:04  Command Center  
  133  9:11  Marine x2, Supply Depot  
  133  9:13  Marine x2  
  137  9:19  Marine  
  137  9:21  Marine  
  137  9:22  Marine x3  
  137  9:23  SCV x2  
  144  9:28  Factory  
  144  9:29  Marine x2  
  146  9:32  Barracks  
  146  9:33  Barracks, Marine x2  
  146  9:36  Marine  
  148  9:39  Marine x2, Supply Depot  
  148  9:42  Marine x2  
  152  9:47  Marine x2  
  152  9:51  Marine  
  155  9:56  Marine x2  
  157  10:00  Marine x3  
  157  10:01  SCV x2  
  157  10:02  Supply Depot  
  157  10:04  Supply Depot  
  157  10:05  Supply Depot  
  162  10:09  Marine x3  
  162  10:11  Terran Vehicle Weapons Level 2  
  162  10:14  Command Center  
  165  10:15  Marine x3  
  165  10:18  Marine x3  
  165  10:20  Barracks Reactor x2  
  171  10:23  Widow Mine x2  
  171  10:24  Factory Tech Lab  
  175  10:38  Marine x5  
  175  10:39  Marine  
  159  11:05  Marine x3  
  159  11:06  Marine x6  
  159  11:10  Planetary Fortress  
  165  11:14  Marine x3  
  165  11:15  Marine  
  165  11:16  Widow Mine x2, Drilling Claws  
  175  11:18  Widow Mine  
  175  11:37  Widow Mine  
  177  11:41  Marine x6  
  177  11:42  Marine x5  
  164  11:47  SCV  
  164  11:55  Marine x2  
  164  11:56  Widow Mine x2  
  164  11:59  Widow Mine, Marine  
  173  12:13  SCV x2  
  173  12:14  SCV  
  176  12:20  Missile Turret x2  
  175  12:24  Missile Turret  
  175  12:27  Marine  
  175  12:28  Marine x8  
  183  12:32  Marine x2  
  177  12:42  Marine  
Tags
 
Add a new tag
Caveats
  • Supply blocks, unpowered buildings, or Contaminate may cause inaccurate times.
  • Supply counts are checked every 10 seconds.